 Dungeon Crawl Stone Soup version 0.31-a0-1591-g515db51633 (webtiles) character file.

Game seed: 14339730081231692912

15057 shadizar the Fighter (level 12, -3/95 HPs)
             Began as a Djinni Fire Elementalist on Jan 6, 2024.
             Was a High Priest of Makhleb.
             Slain by a cyan ugly thing (14 damage)
             ... on level 11 of the Dungeon.
             The game lasted 00:44:33 (15658 turns).

shadizar the Fighter (Djinni Fire Elementalist)    Turns: 15658, Time: 00:44:35

Health: -3/95      AC:  9    Str:  7    XL:     12   Next: 52%
Gold:   893        EV: 16    Int: 21    God:    Makhleb [*****.] SH:  0 Dex: 15

rFire   + + .        t - staff of conjuration
rCold   x . .        (no shield)
rNeg    . . .        i - +0 steam dragon scales
rPois   ∞            (no helmet)
rElec   .            p - +0 cloak
rCorr   .            m - +0 pair of gloves
SInv    .            (boots unavailable)
Will    +....        (no amulet)
Stlth   ++           (no ring)
HPRegen 0.35/turn    (no ring)
MPRegen 0.00/turn

%: infuse magic (-4 HP)
@: sluggish, flying, very slow
A: sickness immunity, fire resistance 2, cold vulnerability 1, float, innate
caster, HP casting, extra vitality 1
a: Renounce Religion, Minor Destruction, Lesser Servant of Makhleb, Major
Destruction, Greater Servant of Makhleb


You were on level 11 of the Dungeon.
You worshipped Makhleb.
Makhleb was extremely pleased with you.
You visited 3 branches of the dungeon, and saw 13 of its levels.
You also visited: Ossuary.

You collected 893 gold pieces.

Inventory:

Hand Weapons
 c - a +6 dagger of speed
 g - the +9 lance "Wyrmbane" {slay drac, rPois rF+ rC+ AC+3}
   (You took it off Maggie on level 6 of the Dungeon)

   AC+3:      It affects your AC (+3).
   rF+:       It protects you from fire.
   rC+:       It protects you from cold.
   rPois:     It protects you from poison
Missiles
 q - a throwing net
Armour
 a - a +2 leather armour of positive energy
 f - a +1 chain mail of cold resistance
 h - a scarf of harm
 i - +0 steam dragon scales (worn)
 m - a +0 pair of gloves (worn)
 p - a +0 cloak (worn)
Magical Staves
 r - a staff of earth
 t - a staff of conjuration (weapon)
Wands
 b - a wand of flame (12)
 x - a wand of iceblast (4)
Scrolls
 d - a scroll of brand weapon
 e - a scroll of identify
 k - 4 scrolls of enchant armour
Potions
 j - a potion of might {unknown}
 l - a potion of brilliance
 n - a potion of lignification
 o - a potion of magic {unknown}
 u - a potion of ambrosia
 v - 2 potions of enlightenment
 w - a potion of berserk rage {unknown}


   Skills:
 + Level 12.2 Fighting
 - Level 4.7 Polearms
 + Level 7.0 Armour
 + Level 8.1 Dodging
 - Level 1.5 Stealth
 + Level 8.5 Spellcasting
 + Level 8.5 Conjurations
 + Level 8.5 Hexes
 + Level 8.5 Summonings
 + Level 8.5 Necromancy
 + Level 8.5 Translocations
 + Level 8.5 Fire Magic
 + Level 8.5 Ice Magic
 + Level 8.5 Air Magic
 + Level 8.5 Earth Magic
 + Level 8.5 Alchemy


You knew the following spells:

 Your Spells              Type           Power      Damage    Failure   Level
a - Foxfire               Conj/Fire      100%       2x1d9     1%          1
b - Scorch                Fire           88%        2d8       1%          2
c - Volatile Blastmotes   Fire/Tloc      88%        2d17      1%          3
d - Inner Flame           Hex/Fire       44%        N/A       1%          3
e - Flame Wave            Conj/Fire      61%        2d14      2%          4
f - Summon Small Mammal   Summ           100%       N/A       1%          1
g - Ensorcelled Hibernat  Hex/Ice        88%        N/A       1%          2
h - Swiftness             Air            44%        N/A       1%          3
i - Vhi's Electric Charg  Tloc/Air       88%        N/A       2%          4
j - Irradiate             Conj/Alch      30%        3d21      6%          5
Your spell library was empty.

Dungeon Overview and Level Annotations

Branches:
Dungeon (11/15)            Temple (1/1) D:6            Lair (1/5) D:8
    Orc (0/2) D:11        Ossuary (visited)

Altars:
Ashenzari
Cheibriados
Dithmenos
Elyvilon
Fedhas
Gozag
Hepliaklqana
Makhleb
Nemelex Xobeh
Okawaru
Qazlal
Ru
Trog
Uskayaw
Wu Jian
Xom
Yredelemnul
Zin
The Shining One

Annotations:
D:3 1 runed translucent door, Crazy Yiuf


Innate Abilities, Weirdness & Mutations

You are immune to sickness and miasma.
You are immune to poison.
Your flesh is very heat resistant. (rF++)
You are vulnerable to cold. (rC-)
You float through the air rather than walking.
You learn spells naturally, not from books.
Your magical power is your life essence.
You have superior vitality. (+4 MHP)


Message History

Found 6 stones.
A cyan ugly thing comes into view.
The cyan ugly thing gurgles horribly!
The cyan ugly thing attacks as it pursues you!
The cyan ugly thing claws you! The cyan ugly thing shocks you!
Casting: Volatile Blastmotes (safe; 1% risk of failure)
Confirm with . or Enter, or press ? or * to list all spells.
You feel quick. The cyan ugly thing closely misses you.
The cyan ugly thing attacks as it pursues you!
The cyan ugly thing claws you! The cyan ugly thing shocks you!
The cyan ugly thing attacks as it pursues you!
The cyan ugly thing completely misses you.
You start to feel a little slower.
Casting: Swiftness (safe; 1% risk of failure)
Confirm with . or Enter, or press ? or * to list all spells.
A cloud of volatile blastmotes flares up around you!
Run!
You feel sluggish.
The cloud of blastmotes explodes!
The concussive blast engulfs the cyan ugly thing!!
The cyan ugly thing is moderately wounded.
The cyan ugly thing claws you! The cyan ugly thing shocks you!
* * * LOW HITPOINT WARNING * * *
You start to feel a little faster.
The cyan ugly thing claws you but does no damage.
Casting: Volatile Blastmotes (safe; 1% risk of failure)
Confirm with . or Enter, or press ? or * to list all spells.
Okay, then.
Okay, then.
Okay, then.
Casting: Volatile Blastmotes (safe; 1% risk of failure)
Confirm with . or Enter, or press ? or * to list all spells.
Okay, then.
Aiming: Major Destruction (61% risk of failure)
Press: ? - help, Shift-Dir - straight line, f - cyan ugly thing
Aim: a cyan ugly thing (moderately wounded)
The bolt of fire misses the cyan ugly thing.
The cyan ugly thing claws you!
* * * LOW HITPOINT WARNING * * *
The cyan ugly thing shocks you!
You die...

######.##...........#..#.
#.##.#####.......### #.##.#
#.......# #
.#######.##.#####.......# #
.......................(.#.
########.##.#######.....#..
#....# ###.####. ####u# #.#
#. ####@.#########.# #
#<...............
#.##..####..###.# # #..#
#..# #..####..# #^...##..#
##.#.##..# #.#.##..###.#
#.#........


You could see a cyan ugly thing.

Vanquished Creatures
  2 two-headed ogres
  2 death yaks
  Joseph (D:7)
  2 black mambas (D:8)
  Jeremiah (D:6)
  Maggie (D:6)
  A komodo dragon (D:10)
  An unseen horror (D:11)
  A rime drake (Lair:1)
  A troll (D:7)
  Grinder (D:6)
  A blink frog (D:8)
  Sigmund (D:6)
  5 wyverns
  A vampire (D:10)
  A wraith (D:9)
  2 shadows
  22 yaks
  A basilisk (D:8)
  Edmund (D:5)
  3 water moccasins
  2 acid dragons
  7 orc warriors
  An ice beast (D:5)
  A sky beast (D:7)
  A black bear (D:6)
  3 centaurs
  2 phantoms
  An ogre (D:4)
  3 bullfrogs
  4 gnoll sergeants
  3 scorpions
  A burial acolyte (Ossuary)
  8 wights
  5 bombardier beetles
  A centaur zombie (Ossuary)
  3 human zombies (Ossuary)
  A hound (D:5)
  3 jellies
  6 orc priests
  2 gnoll boudas
  Jessica (D:2)
  4 iguanas
  Ijyb (D:5)
  Terence (D:3)
  15 orc wizards
  4 hell rats
  A bullfrog simulacrum (Ossuary)
  2 hound zombies (Ossuary)
  3 mummies (Ossuary)
  29 gnolls
  9 adders
  A shadow imp (D:7)
  A white imp (D:6)
  4 ufetubi
  4 adder zombies (Ossuary)
  2 ribbon worms (D:2)
  8 dart slugs
  55 orcs
  6 ball pythons
  14 endoplasms
  2 giant cockroaches
  7 goblins
  3 hobgoblins
  8 jackals
  6 quokkas
  2 ball python zombies (Ossuary)
  9 bats
  6 frilled lizards
  9 jackal zombies (Ossuary)
  6 kobolds
  4 kobold zombies (Ossuary)
  3 orc zombies (Ossuary)
  5 rats
345 creatures vanquished.

Vanquished Creatures (collateral kills)
  4 foxfires (D:8)
4 creatures vanquished.

Vanquished Creatures (others)
  1283 foxfires
1283 creatures vanquished.

Grand Total: 1632 creatures vanquished

Notes
Turn   | Place    | Note
-------+----------+-------------------------------------------
     0 | D:1      | shadizar the Djinni Fire Elementalist began the quest for
                  | the Orb.
     0 | D:1      | shadizar set off with the following spells memorised:
                  | Foxfire, Scorch, Volatile Blastmotes, Inner Flame, Flame
                  | Wave.
     0 | D:1      | Reached XP level 1. HP: 15/15 MP: 0/0
   157 | D:1      | Reached skill level 1 in Fighting
   157 | D:1      | Reached XP level 2. HP: 17/22 MP: 0/0
   404 | D:1      | Reached XP level 3. HP: 25/28 MP: 0/0
   404 | D:1      | Learned a level 1 spell: Summon Small Mammal
   464 | D:1      | Reached skill level 2 in Fighting
   763 | D:1      | Found a hazy altar of Hepliaklqana.
  1357 | D:2      | Reached XP level 4. HP: 26/34 MP: 0/0
  1684 | D:2      | Reached skill level 3 in Fighting
  1699 | D:2      | Reached XP level 5. HP: 26/40 MP: 0/0
  1699 | D:2      | Learned a level 2 spell: Ensorcelled Hibernation
  2001 | D:2      | Found a burning altar of Makhleb.
  2083 | D:2      | Found a faded altar of an unknown god.
  2282 | D:2      | Noticed Jessica
  2285 | D:2      | Killed Jessica
  2377 | D:2      | Became a worshipper of Makhleb the Destroyer
  2515 | D:3      | Noticed Terence
  2522 | D:3      | Killed Terence
  2523 | D:3      | Reached skill level 4 in Fighting
  2745 | D:3      | Reached XP level 6. HP: 41/48 MP: 0/0
  2825 | D:3      | Found a stormy altar of Qazlal.
  3140 | D:3      | Found a sacrificial altar of Ru.
  3254 | D:3      | Found a runed translucent door.
  3255 | D:3      | Noticed Crazy Yiuf
  3478 | D:4      | Noticed an ogre
  3672 | D:4      | Killed an ogre
  3673 | D:4      | Reached skill level 5 in Fighting
  3803 | D:4      | Reached XP level 7. HP: 34/54 MP: 0/0
  3803 | D:4      | Learned a level 3 spell: Swiftness
  3974 | D:4      | Reached * piety under Makhleb
  4989 | D:5      | Entered Level 5 of the Dungeon
  4999 | D:5      | Reached skill level 6 in Fighting
  5144 | D:5      | Reached XP level 8. HP: 59/62 MP: 0/0
  5266 | D:5      | Found a hide-covered altar of Uskayaw.
  5528 | D:5      | Noticed Ijyb
  5562 | D:6      | Reached skill level 5 in Spellcasting
  5562 | D:6      | Reached skill level 5 in Conjurations
  5562 | D:6      | Reached skill level 5 in Hexes
  5562 | D:6      | Reached skill level 5 in Summonings
  5562 | D:6      | Reached skill level 5 in Necromancy
  5562 | D:6      | Reached skill level 5 in Translocations
  5562 | D:6      | Reached skill level 5 in Fire Magic
  5562 | D:6      | Reached skill level 5 in Ice Magic
  5562 | D:6      | Reached skill level 5 in Air Magic
  5562 | D:6      | Reached skill level 5 in Earth Magic
  5562 | D:6      | Reached skill level 5 in Alchemy
  5569 | D:6      | Reached skill level 7 in Fighting
  5569 | D:6      | Reached ** piety under Makhleb
  5912 | D:6      | Noticed Maggie
  5923 | D:6      | Found a staircase to the Ecumenical Temple.
  6043 | D:6      | Noticed Sigmund
  6053 | D:6      | Killed Sigmund
  6064 | D:6      | Found a sand-covered staircase.
  6069 | Ossuary  | Entered an ossuary
  6118 | Ossuary  | Reached skill level 8 in Fighting
  6354 | Ossuary  | Reached XP level 9. HP: 57/71 MP: 0/0
  6354 | Ossuary  | Learned a level 4 spell: Vhi's Electric Charge
  6545 | Ossuary  | Reached *** piety under Makhleb
  6917 | D:6      | Noticed Grinder
  6926 | D:6      | Noticed Edmund
  6927 | D:6      | Killed Maggie
  6928 | D:6      | Reached skill level 9 in Fighting
  7139 | D:5      | Found an opulent altar of Gozag.
  7213 | D:6      | Noticed Jeremiah
  7394 | D:5      | Killed Ijyb
  7553 | D:5      | Killed Edmund
  7752 | D:6      | Paralysed by Grinder for 3 turns
  7760 | D:6      | Killed Grinder
  8130 | D:6      | Killed Jeremiah
  8131 | D:6      | Reached skill level 10 in Fighting
  8312 | Temple   | Entered the Ecumenical Temple
  8487 | D:7      | Reached XP level 10. HP: 79/80 MP: 0/0
  8543 | D:7      | Noticed Joseph
  8553 | D:7      | Killed Joseph
  8554 | D:7      | Reached skill level 1 in Armour
  9438 | D:8      | Found a basalt altar of Yredelemnul.
  9498 | D:8      | Found a burning altar of Makhleb.
  9541 | D:7      | Reached **** piety under Makhleb
  9698 | D:8      | Reached skill level 1 in Polearms
  9912 | D:7      | Reached skill level 5 in Dodging
 10177 | D:8      | Reached XP level 11. HP: 69/86 MP: 0/0
 10177 | D:8      | Learned a level 5 spell: Irradiate
 10253 | D:8      | Found a staircase to the Lair.
 10390 | Lair:1   | Entered Level 1 of the Lair of Beasts
 10390 | Lair:1   | Noticed a death yak
 10391 | Lair:1   | Noticed a death yak
 10393 | Lair:1   | Noticed a death yak
 10394 | Lair:1   | Killed a death yak
 10395 | Lair:1   | Reached skill level 11 in Fighting
 10399 | D:8      | Reached skill level 5 in Armour
 10400 | D:8      | Killed a death yak
 11386 | D:9      | Noticed a two-headed ogre
 11400 | D:9      | Killed a two-headed ogre
 11950 | D:9      | Found a broken altar of Ashenzari.
 12112 | D:9      | Reached ***** piety under Makhleb
 12508 | D:10     | Entered Level 10 of the Dungeon
 12522 | D:10     | Reached XP level 12. HP: 91/94 MP: 0/0
 12764 | D:10     | Noticed a two-headed ogre
 12780 | D:10     | Killed a two-headed ogre
 13345 | D:10     | Found a snail-covered altar of Cheibriados.
 13654 | D:10     | Reached skill level 12 in Fighting
 14262 | D:11     | HP: 1/95 [vampire mosquito (9)]
 15347 | D:11     | Found a staircase to the Orcish Mines.
 15658 | D:11     | Slain by a cyan ugly thing

Illustrated notes

Levels and vault maps discovered:
D:1:      dpeg_arrival_water_altar, layout_basic
D:2:      layout_loops_ring, hellmonk_ecumenical_altar_prayer_group,
          basic_altar, uniq_jessica
D:3:      layout_loops_cross, mainiacjoe_overflow_24_doors, minitemple,
          uniq_terence, uniq_crazy_yiuf_cottage
D:4:      layout_basic, nzn_random_ring
D:5:      layout_rooms, mainiacjoe_overflow_boulevard, grunt_gozag_breadcrumbs,
          skrybe_limestone_x, uniq_ijyb
D:6:      layout_basic, minmay_temple_entry_waves, enter_ossuary_2,
          hangedman_decor_diamond_cutter, minmay_door_square, uniq_grinder,
          uniq_sigmund, uniq_jeremiah, uniq_edmund, uniq_maggie
D:7:      layout_cave_pools, uniq_joseph
D:8:      layout_rooms, mainiacjoe_overflow_paths, yredelemnul_altar_generic,
          minmay_lair_entry_grove, chequers_arboretum
D:9:      layout_rooms, grunt_ashenzari_visionary
          [grunt_ashenzari_visionary_shoals, grunt_ashenzari_visionary_snake]
D:10:     layout_roguey, chei_slow_surprise
D:11:     layout_loops_ring, hiddenorc1_lemuel
Temple:   oiseaux_autumnal_temple
Lair:1:   layout_regular_city, evilmike_ambush [evilmike_ambush_outer_corners,
          evilmike_ambush_inner_wall_1]

Skill      XL: |  1  2  3  4  5  6  7  8  9 10 11 12 |
---------------+-------------------------------------+-----
Fighting       | 1 2 3 4 5 6 8 10 11 12 | 12.2
Spellcasting   | 4 5 7 8 |  8.5
Conjurations   | 4 5 7 8 |  8.5
Hexes          | 4 5 7 8 |  8.5
Summonings     | 4 5 7 8 |  8.5
Necromancy     | 4 5 7 8 |  8.5
Translocations | 4 5 7 8 |  8.5
Fire Magic     | 4 5 7 8 |  8.5
Ice Magic      | 4 5 7 8 |  8.5
Air Magic      | 4 5 7 8 |  8.5
Earth Magic    | 4 5 7 8 |  8.5
Alchemy        | 4 5 7 8 |  8.5
Armour         | 4 6 7 |  7.0
Dodging        | 5 7 8 |  8.1
Polearms       | 1 4 |  4.7
Stealth        | |  1.5

Action                     |  1- 3 |  4- 6 |  7- 9 | 10-12 || total
---------------------------+-------+-------+-------+-------++-------
  Melee: Unarmed           |     3 |       |       |       ||     3
         Dagger            |       |     1 |       |       ||     1
         Staff             |       |       |     4 |     1 ||     5
         Lance             |       |       |       |    13 ||    13
   Cast: Foxfire           |    49 |   119 |   225 |   407 ||   800
         Scorch            |    22 |    29 |   101 |   175 ||   327
         Summon Small Mamm |       |       |     2 |       ||     2
         Volatile Blastmot |       |       |     4 |    21 ||    25
         Swiftness         |       |       |     1 |     4 ||     5
         Irradiate         |       |       |       |     5 ||     5
 Invoke: Major Destruction |       |       |       |     1 ||     1
    Use: Scroll            |       |       |    16 |     6 ||    22
         Potion            |       |       |     3 |     1 ||     4
 Armour: Robe              |    14 |    10 |    57 |       ||    81
         Steam dragon scal |       |       |     3 |   181 ||   184
  Dodge: Dodged            |    17 |     7 |    35 |   159 ||   218

Table legend: (Time is in decaauts)
 A = Elapsed time spent in this place.
 B = Non-inter-level travel time spent in this place.
 C = Inter-level travel time spent in this place.
 D = Time resting spent in this place.
 E = Time spent auto-exploring this place.
 F = Levels seen in this place.
 G = Mean time per level.
                   A        B        C        D        E       F      G
               +--------+--------+--------+--------+--------+-----+--------+
         Total |  15666 |  15181 |    485 |      0 |  11441 |  14 | 1119.0 |
       Dungeon |  15136 |  14652 |    484 |      0 |  11083 |  11 | 1376.0 |
        Temple |      3 |      3 |      0 |      0 |      0 |   1 |    3.0 |
          Lair |      6 |      6 |      0 |      0 |      0 |   1 |    6.0 |
       Ossuary |    519 |    519 |      0 |      0 |    358 |   1 |  519.0 |
               +--------+--------+--------+--------+--------+-----+--------+

Top non-repeatable levels by time:
     D:8: 1555 daAuts
     D:6: 1540 daAuts
     D:7: 1507 daAuts
     D:9: 1467 daAuts
    D:10: 1445 daAuts
     D:4: 1396 daAuts
     D:3: 1371 daAuts
     D:5: 1257 daAuts
    D:11: 1200 daAuts
     D:1: 1199 daAuts
     D:2: 1195 daAuts
 Ossuary: 519 daAuts
  Lair:1: 6 daAuts
  Temple: 3 daAuts
